 Dungeon Crawl Stone Soup version 0.22.0-6-g71bd7aa (webtiles) character file.

621 HEYYEYAAE the Poker (level 7, 0/60 HPs)
             Began as a Demigod Fighter on Aug 15, 2018.
             Slain by Pikel
             ... wielding a +1 whip of freezing
              (2 damage)
             ... on level 4 of the Dungeon.
             The game lasted 00:04:42 (4231 turns).

HEYYEYAAE the Poker (Demigod Fighter)               Turns: 4231, Time: 00:04:43

Health: 0/60       AC:  7    Str: 20 (23) XL:     7   Next: 1%
Magic:  9/9        EV:  9    Int:  9 (12) God:
Gold:   276        SH:  0    Dex: 14 (15) Spells: 6/6 levels left

rFire    . . .     SeeInvis .   a - +0 trident
rCold    . . .     Gourm    .   (no shield)
rNeg     . . .     Faith    .   b - +0 scale mail
rPois    .         Spirit   .   (no helmet)
rElec    .         Reflect  .   (no cloak)
rCorr    .         Harm     +   t - +0 pair of gloves
MR       .....                  (no boots)
Stlth    ..........             d - amulet of harm
HPRegen  0.20/turn              (no ring)
MPRegen  0.11/turn              (no ring)

@: no status effects
A: high mp 1
a: no special abilities


You were on level 4 of the Dungeon.
You were not hungry.

You visited 1 branch of the dungeon, and saw 5 of its levels.

You collected 276 gold pieces.

Inventory:

Hand Weapons
 a - a +0 trident (weapon)
Armour
 b - a +0 scale mail (worn)
 t - a +0 pair of gloves (worn)
Jewellery
 d - an amulet of harm (around neck)
Wands
 l - a wand of flame (8)
Scrolls
 h - a scroll of amnesia
 j - a scroll of immolation
 n - 2 scrolls of noise
 o - 3 scrolls of magic mapping
 p - a scroll of remove curse
 v - a scroll of identify
Potions
 k - a potion of curing
Comestibles
 c - a chunk of flesh
 f - 7 rations


   Skills:
 + Level 4.9 Fighting
 * Level 6.1 Polearms
 - Level 2.6 Armour
   Level 2.6 Shields


You had 6 spell levels left.
You didn't know any spells.
Your spell library contained the following spells:

 Spells                   Type           Power        Failure   Level  Hunger
 Magic Dart               Conj           #...         75%         1    ##.....
 Conjure Flame            Conj/Fire      #.......     98%         3    ####...
 Slow                     Hex            #.......     86%         2    ###....
 Mephitic Cloud           Conj/Pois/Air  #.......     98%         3    ####...
 Blink                    Tloc           N/A          86%         2    ###....
 Call Imp                 Summ           #.......     86%         2    ###....


Dungeon Overview and Level Annotations

Branches:
Dungeon (5/15)
 Temple: D:4-7

Shops:
D:4 *

Annotations:
D:4 Pikel


Innate Abilities, Weirdness & Mutations

You have an increased reservoir of magic. (+10% MP)


Message History

* * * LOW HITPOINT WARNING * * *
Pikel freezes you.
* * * LOW HITPOINT WARNING * * *
You puncture Pikel!
Pikel is heavily wounded.
Pikel hits you but does no damage.
You hit Pikel but do no damage.
Pikel is heavily wounded.
Pikel hits you with a whip of freezing.
* * * LOW HITPOINT WARNING * * *
Pikel freezes you.
* * * LOW HITPOINT WARNING * * *
You closely miss Pikel.
Pikel is heavily wounded.
Pikel says, "Why not give up?
You'll get fed.
Maybe."
Pikel zaps a wand.
You easily resist.
The now-empty wand crumbles to dust.
You barely miss Pikel.
Pikel is heavily wounded.
Pikel hits you with a whip of freezing.
You die...

###.........##
#............#
#.PPP.........
#..∩P.........
#.P.P.........
#.............
###...........
#####......####...
#@Kp......## ##..
#######...## ##..
##...####..÷
#......[(..
##...K.....
#.....#### #######
##### #


You could see Pikel and a slave.

Vanquished Creatures
  Grinder (D:3)
  3 slaves (D:4)
  A centaur (D:4)
  A howler monkey (D:4)
  A jelly (D:4)
  A hound (D:3)
  Terence (D:2)
  2 worker ants (D:4)
  9 adders
  2 oozes
  A dart slug (D:1)
  2 worms (D:2)
  6 leopard geckos
  2 orcs (D:3)
  8 bats
  A giant cockroach (D:4)
  7 hobgoblins
  7 jackals
  A quokka (D:2)
  4 frilled lizards
  5 goblins
  A jackal skeleton (D:4)
  8 kobolds
  7 rats
82 creatures vanquished.

Notes
Turn   | Place    | Note
-------+----------+-------------------------------------------
     0 | D:1      | HEYYEYAAE the Demigod Fighter began the quest for the Orb.
     0 | D:1      | Reached XP level 1. HP: 18/18 MP: 3/3
    53 | D:1      | Reached skill level 2 in Polearms
   278 | D:1      | Reached XP level 2. HP: 25/25 MP: 4/4
   982 | D:2      | Reached skill level 3 in Polearms
   982 | D:2      | Reached XP level 3. HP: 31/31 MP: 5/5
  1334 | D:2      | Noticed Terence
  1346 | D:2      | Killed Terence
  1346 | D:2      | Reached XP level 4. HP: 27/38 MP: 6/6
  1874 | D:3      | Noticed Grinder
  1890 | D:3      | Paralysed by Grinder for 2 turns
  1896 | D:3      | Killed Grinder
  1896 | D:3      | Reached skill level 5 in Polearms
  1896 | D:3      | Reached XP level 5. HP: 21/46 MP: 7/7
  2097 | D:3      | Reached XP level 6. HP: 52/52 MP: 8/8
  3500 | D:4      | Reached skill level 6 in Polearms
  3614 | D:4      | Found Qykh's Assorted Antiques.
  3649 | D:4      | Reached XP level 7. HP: 44/60 MP: 9/9
  3735 | D:4      | Noticed Pikel
  4051 | D:5      | Entered Level 5 of the Dungeon
  4229 | D:4      | HP: 2/60 [Pikel/whip of freezing (2)]
  4231 | D:4      | Slain by Pikel

Skill      XL: |  1  2  3  4  5  6 |
---------------+-------------------+-----
Polearms       | 2 3 5 6 |  6.1
Fighting       | 3 4 |  4.9
Armour         | |  2.6
Shields        | |  2.6

Action                   |  1- 3 |  4- 6 |  7- 9 || total
-------------------------+-------+-------+-------++-------
Melee: Trident           |   119 |   208 |    64 ||   391
Evoke: Wand              |     7 |       |       ||     7
  Use: Potion            |       |     5 |     6 ||    11
       Scroll            |       |     6 |     2 ||     8
 Stab: Invisible         |       |       |     1 ||     1
  Eat: Chunk             |     1 |     8 |       ||     9
       Ration            |       |       |     1 ||     1
Armor: Scale mail        |    67 |   106 |    21 ||   194
Dodge: Dodged            |    75 |   123 |    26 ||   224
